 Dungeon Crawl Stone Soup version 0.17-a0-1880-gacf7e67 (webtiles) character file.

109766 shakdrar the Severer (level 16, -5/147 HPs)
             Began as a Minotaur Fighter on Sept 21, 2015.
             Was the Champion of Elyvilon.
             Killed by divine providence
             ... invoked by a smoke demon
              (10 damage)
             ... on level 1 of the Abyss.
             The game lasted 02:29:01 (29131 turns).

shakdrar the Severer (Minotaur Fighter)            Turns: 29131, Time: 02:29:01

Health: -5/147     AC: 28    Str: 23    XL:     16   Next: 5%
Magic:  0/21       EV:  7    Int:  8    God:    Elyvilon [******]
Gold:   2035       SH: 22    Dex: 17    Spells: 0 memorised, 15 levels left

rFire  + . .     SeeInvis .     F - +3 broad axe of Detrit {freeze, rElec rF+ rC+ rN+}
rCold  + . .     Clarity  .     B - +2 pearl dragon armour
rNeg   + + .     SustAt   .     N - +2 large shield
rPois  .         Gourm    .     o - +2 hat
rElec  +         Spirit   +     Y - +2 cloak
rCorr  .         Warding  .     L - +1 pair of gloves
rMut   .         Stasis   .     t - +0 pair of boots
MR     ++...                    R - amulet of guardian spirit
Stlth  +.........               I - ring "Rati Dolum" {*Confuse Dex+5 Slay+4 Stlth+}
                                f - ring of protection from magic

@: about to teleport, very resistant to hostile enchantments, very unstealthy
A: retaliatory headbutt, horns 2
a: Lesser Healing, Divine Protection, Heal Other, Purification, Greater Healing,
Divine Vigour, Renounce Religion


You were on level 1 of the Abyss.
You worshipped Elyvilon.
Elyvilon was exalted by your worship.
You were hungry.

You visited 5 branches of the dungeon, and saw 27 of its levels.
You visited the Abyss 1 time.

You collected 2386 gold pieces.
You spent 351 gold pieces at shops.

Inventory:

Hand weapons
 v - a +0 blowgun
 D - the +12 scythe "Jeddozacs" {holy, rN+ MR- Dex+5}
   (You found it on level 1 of the Lair of Beasts)

   It has been blessed by the Shining One to cause great damage to the undead
   and demons.
   It affects your dexterity (+5).
   It protects you from negative energy.
   It affects your resistance to hostile enchantments.
 F - the +3 broad axe of Detrit (weapon) {freeze, rElec rF+ rC+ rN+}
   (You acquired it on level 12 of the Dungeon)

   It has been specially enchanted to freeze those struck by it, causing extra
   injury to most foes and up to half again as much damage against particularly
   susceptible opponents.
   It can also slow down cold-blooded creatures.
   It protects you from fire.
   It protects you from cold.
   It insulates you from electricity.
   It protects you from negative energy.
 G - a +0 mace
Missiles
 e - 7 exploding tomahawks (quivered)
 w - 48 poisoned needles
Armour
 c - a +0 shield
 o - a +2 hat (worn)
 t - a +0 pair of boots (worn)
 B - a +2 pearl dragon armour (worn)
 L - a +1 pair of gloves (worn)
 N - a +2 large shield (worn)
 Y - a +2 cloak (worn)
Jewellery
 b - an uncursed ring of positive energy
 f - a ring of protection from magic (left hand)
 p - an uncursed ring of magical power
 q - the amulet of Fauru {Stasis rN++ Str-5 SInv Stlth-}
   (You found it on level 8 of the Lair of Beasts)

   [amulet of stasis]

   It prevents you from being teleported, slowed, hasted or paralysed.
   It affects your strength (-5).
   It greatly protects you from negative energy.
   It lets you see invisible.
   It makes you less stealthy.
 C - an uncursed ring of sustain attributes
 H - an uncursed ring of protection from fire
 I - the ring "Rati Dolum" (right hand) {*Confuse Dex+5 Slay+4 Stlth+}
   (You found it on level 2 of the Lair of Beasts)

   [ring of slaying]

   It affects your dexterity (+5).
   It affects your accuracy and damage with ranged weapons and melee attacks
   (+4).
   It may confuse you when you take damage.
   It makes you more stealthy.
 Q - an uncursed amulet of the gourmand
 R - an amulet of guardian spirit (around neck)
Magical devices
 g - a wand of digging (4)
 y - a wand of cold (0)
 W - a wand of fireball (0)
 Z - a wand of flame (29)
Scrolls
 a - 2 scrolls of magic mapping
 j - 4 scrolls of recharging
 k - 3 scrolls of teleportation
 l - 7 scrolls of identify
 s - a scroll of enchant weapon
 x - 15 scrolls of remove curse
Potions
 d - a potion of lignification {unknown}
 h - a potion of agility {unknown}
 n - 3 potions of flight
 u - 7 potions of curing
 z - a potion of magic
 J - 2 potions of degeneration
 K - 3 potions of brilliance
Comestibles
 i - 13 meat rations
 r - a bread ration


   Skills:
 + Level 14.4 Fighting
 * Level 19.7 Axes
 + Level 14.9 Armour
 + Level 14.6 Shields
 - Level 4.0 Invocations
 - Level 8.0 Evocations


You had 15 spell levels left.
You didn't know any spells.

Dungeon Overview and Level Annotations

Branches:
Dungeon (13/15)            Temple (1/1) D:5            Lair (8/8) D:9
  Swamp (0/4) Lair:3       Spider (0/4) Lair:6        Slime (0/6) Lair:7
    Orc (3/4) D:12            Elf (2/3) Orc:3
 Vaults: D:13-14

Altars:
Ashenzari
Dithmenos
Elyvilon
Fedhas
Gozag
Kikubaaqudgha
Makhleb
Nemelex Xobeh
Okawaru
Qazlal
Ru
Sif Muna
Trog
Vehumet
Xom
Yredelemnul
Zin
The Shining One
Beogh

Shops:
D:10 !   D:11 [   Orc:1 !   Orc:3 *   Elf:2 *


Innate Abilities, Weirdness & Mutations

You reflexively headbutt those who attack you in melee.
You have a pair of horns on your head.


Message History

Something smites you!
* * * LOW HITPOINT WARNING * * *
The large abomination is engulfed in a cloud of scalding steam.
The large abomination hits you! Elyvilon protects you from harm!
You closely miss the large abomination.
The large abomination is lightly damaged.
You block the large abomination's attack.
You hit the large abomination. You freeze the large abomination.
You headbutt the large abomination.
The large abomination is moderately damaged.
You block the large abomination's attack.
You hit the large abomination. You freeze the large abomination.
You headbutt the large abomination, but do no damage.
The large abomination is heavily damaged.
You slice the large abomination!! You freeze the large abomination!
You destroy the large abomination!
The smoke demon gestures at you. Something smites you!
You die...

. . . #.# ..#
.#..# . .## ..
... . #§# $. .
. ..§.##4 # ##
# #....3 ....#
..# .§§33.##
.# .. ..# #@#
. # ..43### .
## # ..33 .# .
. # #.. # .# .
.. .# # # .
#..... ...
.......#..#...
. .# . . . ##
. .# # ... . .
#.##


You could see a hellwing and 3 smoke demons.

Vanquished Creatures
  Asterion (Elf:2)
  A tentacled starspawn (Abyss:1)
  Kirke (Lair:6)
  Maud (Lair:8)
  2 deep elf sorcerers
  An orc warlord (Orc:3)
  A deep elf demonologist (Elf:2)
  A green death (Abyss:1)
  A deep elf death mage (Elf:2)
  Josephine (D:13)
  9 hydras
  Erica (D:11)
  7 dancing weapons (Elf:2)
  An orc high priest (Elf:2)
  A queen ant (Lair:7)
  2 thrashing horrors (Abyss:1)
  6 death yaks
  A wizard (Elf:1)
  8 deep elf knights
  A wretched star (Abyss:1)
  An unseen horror (D:10)
  2 skeletal warriors (D:11)
  3 hill giants
  2 deep elf summoners (Elf:1)
  4 deep elf conjurers
  2 wolf spiders (Lair:3)
  11 elephants
  2 orc sorcerers (Orc:3)
  2 sixfirhies (Abyss:1)
  A stone giant skeleton (Abyss:1)
  Maurice (D:13)
  6 black mambas
  An apocalypse crab (Abyss:1)
  An orange demon (Abyss:1)
  3 centaur skeletons
  A gargoyle (D:13)
  19 spiny frogs
  A smoke demon (Abyss:1)
  14 komodo dragons
  3 ancient zymes (Abyss:1)
  A kobold demonologist (Elf:1)
  7 deep elf priests
  A hellwing (Abyss:1)
  A freezing wraith (D:10)
  A queen bee (Lair:1)
  3 fire drakes
  A merfolk (D:9)
  An efreet (D:11)
  A raiju (Abyss:1)
  5 trolls
  2 boulder beetles
  20 blink frogs
  A slime creature (D:10)
  A blink frog (shapeshifter) (Elf:2)
  52 yaks
  5 hogs (Lair:6)
  2 shadows
  19 deep elf magi
  10 hippogriffs
  15 deep elf fighters
  2 neqoxecs (Abyss:1)
  2 basilisks
  6 wraiths
  A ynoxinul (Abyss:1)
  Grum (D:10)
  A golden eye (shapeshifter) (Elf:1)
  3 vampire mosquitoes (D:12)
  A chaos spawn (Abyss:1)
  6 insubstantial wisps (Lair:3)
  25 wolves
  5 wargs
  5 soldier ants (Lair:7)
  18 orc warriors
  10 porcupines
  A boggart (Elf:1)
  15 water moccasins
  An eye of draining (D:11)
  3 large abominations (Abyss:1)
  3 sky beasts
  An ogre (shapeshifter) (Elf:2)
  11 ogres
  4 centaurs
  5 ice beasts
  2 wasps
  4 phantoms
  17 crocodiles
  21 giant frogs
  2 big kobolds
  A gnoll sergeant (D:7)
  6 scorpions
  16 wights
  32 killer bees
  2 small abominations (Abyss:1)
  4 crimson imps
  2 quasits
  An electric eel (Lair:7)
  6 jellies
  A wasp zombie (D:10)
  6 hounds
  16 orc wizards
  Ijyb (D:2)
  A gnoll shaman (D:3)
  19 orc priests
  4 giant frog skeletons
  12 iguanas
  21 worker ants
  2 hell rats (Lair:6)
  27 sheep
  A hound skeleton (D:8)
  5 gnolls (D:7)
  3 worker ant zombies
  16 adders
  74 river rats
  A shadow imp (D:5)
  An ufetubus (Abyss:1)
  3 oozes
  2 adder skeletons
  An adder zombie (D:9)
  3 worms
  4 giant geckos
  138 orcs
  2 ball pythons (D:4)
  7 bats
  11 giant cockroaches
  7 goblins
  5 hobgoblins
  14 jackals
  4 quokkas
  A giant gecko zombie (D:5)
  5 giant newts
  2 jackal skeletons (D:5)
  14 kobolds
  A quokka skeleton (D:8)
  2 quokka zombies
  5 rats
  13 fungi
  A plant (Lair:8)
  A starspawn tentacle (Abyss:1)
980 creatures vanquished.

Vanquished Creatures (others)
  A deep elf mage (Elf:2)
  A deep elf fighter (Elf:2)
  An orc wizard (D:9)
  A bush (Lair:3)
  15 fungi
  A lurking horror (Abyss:1)
  20 plants
  A starspawn tentacle (Abyss:1)
  21 starspawn tentacle segments (Abyss:1)
62 creatures vanquished.

Grand Total: 1042 creatures vanquished

Notes
Turn   | Place    | Note
--------------------------------------------------------------
     0 | D:1      | shakdrar the Minotaur Fighter began the quest for the Orb.
     0 | D:1      | Reached XP level 1. HP: 19/19 MP: 0/0
   307 | D:1      | Reached XP level 2. HP: 27/27 MP: 1/1
   373 | D:1      | Reached skill level 4 in Armour
   837 | D:2      | Reached XP level 3. HP: 33/33 MP: 2/2
   867 | D:2      | Found an opulent altar of Gozag.
   946 | D:2      | Reached XP level 4. HP: 35/40 MP: 3/3
   974 | D:2      | Found a stormy altar of Qazlal.
   976 | D:2      | Noticed an air elemental
   977 | D:2      | Noticed a fire elemental
   977 | D:2      | Noticed a water elemental
   977 | D:2      | Noticed an earth elemental
  1058 | D:2      | Noticed Ijyb
  1065 | D:2      | Killed Ijyb
  1140 | D:2      | Found a shadowy altar of Dithmenos.
  2042 | D:3      | Reached XP level 5. HP: 47/47 MP: 4/4
  2156 | D:3      | Found a white marble altar of Elyvilon.
  2156 | D:3      | Found a sacrificial altar of Ru.
  2156 | D:3      | Found a burning altar of Makhleb.
  2168 | D:3      | Became a worshipper of Elyvilon the Healer
  2377 | D:4      | Reached skill level 5 in Armour
  2390 | D:4      | Reached skill level 5 in Axes
  2615 | D:4      | Acquired Elyvilon's first power
  2659 | D:4      | Reached XP level 6. HP: 49/55 MP: 5/5
  2709 | D:4      | Found a shimmering altar of Xom.
  2712 | D:4      | Found a radiant altar of Vehumet.
  2712 | D:4      | Found a glowing golden altar of the Shining One.
  2723 | D:4      | Found a basalt altar of Yredelemnul.
  2726 | D:4      | Found a deep blue altar of Sif Muna.
  2890 | D:4      | Reached skill level 5 in Fighting
  2890 | D:4      | Reached skill level 5 in Shields
  3315 | D:5      | Entered Level 5 of the Dungeon
  3432 | D:5      | Reached skill level 6 in Axes
  3473 | D:5      | Reached XP level 7. HP: 52/61 MP: 6/6
  3721 | D:5      | Noticed a water moccasin
  3747 | D:5      | Killed a water moccasin
  4044 | D:5      | Found a staircase to the Ecumenical Temple.
  4067 | D:5      | Reached skill level 7 in Axes
  4079 | D:5      | Acquired Elyvilon's second power
  4392 | D:6      | Reached XP level 8. HP: 63/70 MP: 7/7
  4879 | D:6      | Reached skill level 8 in Axes
  5329 | D:7      | Reached skill level 9 in Axes
  5652 | D:7      | Reached XP level 9. HP: 61/79 MP: 8/8
  5713 | D:7      | Found a blossoming altar of Fedhas.
  5748 | D:7      | Acquired Elyvilon's third power
  5964 | D:7      | Reached skill level 10 in Axes
  6097 | D:7      | Reached skill level 1 in Invocations
  6318 | D:8      | Found a bloodstained altar of Trog.
  7051 | D:9      | Found a staircase to the Lair.
  7139 | D:9      | Reached skill level 11 in Axes
  7139 | D:9      | Reached XP level 10. HP: 80/90 MP: 10/10
  7634 | D:10     | Entered Level 10 of the Dungeon
  7667 | D:10     | Found a large runed door.
  7667 | D:10     | Found a large runed door.
  7745 | D:10     | Found a large runed door.
  7745 | D:10     | Found a large runed door.
  7823 | D:10     | Reached skill level 12 in Axes
  7839 | D:10     | Noticed Grum
  7852 | D:10     | Killed Grum
  8157 | D:10     | Reached skill level 1 in Evocations
  8582 | D:10     | Acquired Elyvilon's fourth power
  8583 | D:10     | Found Ekiczel's Distillery.
  8591 | D:10     | Bought a potion of heal wounds for 60 gold pieces
  8591 | D:10     | Bought a potion of heal wounds for 60 gold pieces
  8591 | D:10     | Bought a potion of berserk rage for 60 gold pieces
  8603 | D:10     | Reached XP level 11. HP: 94/97 MP: 13/13
  9305 | Lair:1   | Entered Level 1 of the Lair of Beasts
  9787 | Temple   | Entered the Ecumenical Temple
 10236 | Lair:1   | Reached skill level 13 in Axes
 10573 | Lair:1   | Reached skill level 10 in Fighting
 10576 | Lair:1   | Reached skill level 10 in Armour
 10717 | Lair:1   | Reached skill level 10 in Shields
 10969 | Lair:1   | Got an ancient scythe
 10970 | Lair:1   | Identified the +12 scythe "Jeddozacs" {holy, rN+ MR- Dex+5} (You found it on level 1 of the Lair of Beasts)
 11414 | Lair:2   | Got a fine ring mail
 11746 | Lair:2   | Reached skill level 14 in Axes
 11953 | Lair:2   | Acquired Elyvilon's fifth power
 11975 | Lair:2   | Got a wavering lapis lazuli ring
 12037 | Lair:2   | Reached XP level 12. HP: 104/108 MP: 14/14
 13247 | Lair:3   | Found a staircase to the Swamp.
 14219 | Lair:4   | Noticed a four-headed hydra
 14238 | Lair:4   | Killed a four-headed hydra
 14486 | Lair:4   | Reached skill level 15 in Axes
 14516 | Lair:4   | Identified the ring "Rati Dolum" {*Confuse Dex+5 Slay+4 Stlth+} (You found it on level 2 of the Lair of Beasts)
 14994 | Lair:4   | Noticed an eight-headed hydra
 15650 | Lair:5   | Noticed a seven-headed hydra
 15813 | Lair:5   | Found a glowing golden altar of the Shining One.
 15851 | Lair:5   | Killed a seven-headed hydra
 15851 | Lair:5   | Reached XP level 13. HP: 101/116 MP: 15/15
 16347 | Lair:6   | Found a labyrinth entrance.
 16540 | Lair:6   | Reached skill level 5 in Evocations
 16543 | Lair:6   | Noticed Kirke
 16554 | Lair:6   | Killed Kirke
 16567 | Lair:6   | Reached skill level 16 in Axes
 16595 | Lair:6   | Found a hole to the Spider Nest.
 17607 | Lair:7   | Found a staircase to the Slime Pits.
 18480 | Temple   | Identified the +3 ring mail "Boecsuiz" {rF- Int+9 Stlth-} (You found it on level 2 of the Lair of Beasts)
 19391 | Lair:8   | Entered Level 8 of the Lair of Beasts
 19659 | Lair:8   | Got a transparent bone amulet
 19672 | Lair:8   | Identified the amulet of Fauru {Stasis rN++ Str-5 SInv Stlth-} (You found it on level 8 of the Lair of Beasts)
 19699 | Lair:8   | Reached skill level 17 in Axes
 19892 | Lair:8   | Reached XP level 14. HP: 119/127 MP: 17/17
 20348 | Lair:8   | Noticed Maud
 20373 | Lair:8   | Killed Maud
 22063 | D:10     | Noticed an unseen horror
 22071 | D:10     | Killed an unseen horror
 22474 | D:11     | Noticed Erica
 22481 | D:11     | Killed Erica
 22936 | D:11     | Found Pischi Ockown's Antique Armour Emporium.
 22942 | D:11     | Bought a runed large shield for 157 gold pieces
 23094 | D:11     | Reached skill level 18 in Axes
 23358 | D:12     | Found a staircase to the Orcish Mines.
 23501 | D:12     | Identified a scroll of acquirement
 23502 | D:12     | Got a crystal broad axe
 23503 | D:12     | Identified the +3 broad axe of Detrit {freeze, rElec rF+ rC+ rN+} (You acquired it on level 12 of the Dungeon)
 24172 | Orc:1    | Entered Level 1 of the Orcish Mines
 24172 | Orc:1    | Found Ocwaa's Distillery.
 24181 | Orc:1    | Bought a potion of degeneration for 14 gold pieces
 24312 | Orc:1    | Found a bloodstained altar of Trog.
 24579 | D:13     | Found a white marble altar of Elyvilon.
 24586 | D:13     | Noticed Josephine
 24599 | D:13     | Killed Josephine
 24647 | D:13     | Noticed Maurice
 24655 | D:13     | Killed Maurice
 25715 | Orc:2    | Found a roughly hewn altar of Beogh.
 25857 | Orc:3    | Found a staircase to the Elven Halls.
 25872 | Orc:3    | Noticed an orc warlord
 25874 | Orc:3    | Reached XP level 15. HP: 136/136 MP: 19/19
 25887 | Orc:3    | Found Cutzy's General Store.
 25888 | Orc:3    | Killed an orc warlord
 26519 | Elf:1    | Entered Level 1 of the Elven Halls
 26519 | Elf:1    | Found an ancient bone altar of Kikubaaqudgha.
 26666 | Elf:1    | Found an ancient bone altar of Kikubaaqudgha.
 27926 | Elf:2    | Found Peto's General Store.
 28034 | Elf:2    | Noticed a Hell Sentinel
 28174 | Elf:2    | Reached skill level 19 in Axes
 28269 | Elf:2    | Found a runed gate.
 28269 | Elf:2    | Found a runed gate.
 28270 | Elf:2    | Found a runed gate.
 28349 | Elf:2    | Noticed Asterion
 28375 | Elf:2    | Killed Asterion
 28638 | Elf:2    | Cast into the Abyss (dire flail of distortion)
 28638 | Abyss:1  | Found a corrupted altar of Lugonu.
 28652 | Abyss:1  | Found an ancient bone altar of Kikubaaqudgha.
 28986 | Abyss:1  | Noticed a tentacled starspawn
 28993 | Abyss:1  | Killed a tentacled starspawn
 29054 | Abyss:1  | Found a corrupted altar of Lugonu.
 29086 | Abyss:1  | Reached XP level 16. HP: 80/147 MP: 21/21
 29127 | Abyss:1  | HP: 3/147 [smoke demon/divine providence (11)]
 29127 | Abyss:1  | Elyvilon protects you from harm!
 29131 | Abyss:1  | Killed from afar by a smoke demon

Vault maps used:
D:1:      ncdulo_smallfort, hangedman_decor_push
D:2:      nicolae_qazlal_style_of_elements, grunt_dithmenos_smoke_and_mirrors,
          minmay_misc_feat_columns, kennysheep_cluttered_room,
          nicolae_gozag_cash_rules_everything_around_me, uniq_iyjb
D:3:      grunt_temple_overflow_open, first_bread
D:4:      minmay_overflow_temple_star_hex
D:5:      minmay_temple_entry_large_hall
D:7:      kennysheep_mini_moat
D:8:      lightli_temple_of_fire
D:9:      dpeg_oklobed_lair, hangedman_fish_farm
D:10:     serial_shops, shop, minmay_hollow_rounded_squares, uniq_grum
D:11:     serial_shops, nicolae_shop_waterfront, lightli_fourway_metalbox,
          uniq_erica
D:12:     erik_orc_4
D:13:     elyvilon_altar_5, uniq_josephine, uniq_maurice
Temple:   nicolae_temple_great_sept
Lair:1:   special_room, infiniplex_staircase_pool
Lair:2:   serial_bayou_shore_b, infiniplex_staircase_pool_2,
          serial_bayou_shore_a, grunt_megastairs_3
Lair:3:   minmay_lair_venomous_thicket, minmay_swamp_entry_wisps,
          lemuel_fruit_fields
Lair:4:   bh_autumn_forest_stairs, serial_bayou_shore_b
Lair:5:   basic_altar
Lair:6:   kennysheep_rathole, nicolae_spider_entry_non_spiders,
          lab_entry_generic, uniq_kirke
Lair:7:   nicolae_slime_entry_slimehenge, serial_bayou_pond_a,
          wad_woods_antlair, serial_bayou_shore_b
Lair:8:   hangedman_lair_in_review, lemuel_fruit_tree, uniq_maud
Orc:1:    nicolae_orc_accident_1, serial_shops, shop_fountains,
          trog_butcher_becter
Orc:2:    serial_shops, shop, minmay_orc_temple_b
Orc:3:    serial_shops, nicolae_shop_behind_doors, nicolae_orc_pool_cavern
Elf:1:    hangedman_elf_disciples, hangedman_feature_mirror
Elf:2:    serial_shops, nicolae_shop_window_shopping, grunt_ministairs_6,
          uniq_asterion

Action                   |  1- 3 |  4- 6 |  7- 9 | 10-12 | 13-15 | 16-18 || total
-------------------------+-------+-------+-------+-------+-------+-------++-------
Melee: War axe           |    76 |   142 |   174 |   431 |   601 |       ||  1424
       Battleaxe         |       |       |   206 |   336 |    13 |       ||   555
       Mace              |       |       |       |    15 |    39 |       ||    54
       Broad axe         |       |       |       |       |   589 |    33 ||   622
       Scythe            |       |       |       |       |    71 |       ||    71
Invok: Lesser Healing    |       |       |       |     2 |       |       ||     2
       Greater Healing   |       |       |       |       |     2 |       ||     2
       Purification      |       |       |       |       |       |     2 ||     2
Evoke: Wand              |       |       |       |    10 |    17 |       ||    27
  Use: Scroll            |     1 |     5 |     1 |    12 |     9 |     1 ||    29
       Potion            |     1 |       |     1 |     5 |     9 |     6 ||    22
  Eat: Chunk             |       |     7 |    12 |    25 |    77 |       ||   121
       Pizza             |       |     1 |       |     3 |     2 |       ||     6
       Meat ration       |       |       |       |       |     1 |       ||     1
       Fruit             |       |       |       |       |     1 |       ||     1
